 Dungeon Crawl Stone Soup version 0.30-a0-377-g5cb311bc9f (webtiles) character file.

Game seed: 14291518970087460171

530 porpoise the Skirmisher (level 7, -2/44 HPs)
             Began as a Tengu Hunter on Nov 30, 2022.
             Was a Follower of Okawaru.
             Slain by an ice beast (8 damage)
             ... on level 5 of the Dungeon.
             The game lasted 00:11:15 (4365 turns).

porpoise the Skirmisher (Tengu Hunter)              Turns: 4365, Time: 00:11:16

Health: -2/44      AC:  4    Str: 11    XL:     7   Next: 24%
Magic:  8/8        EV: 14    Int:  9    God:    Okawaru [*.....]
Gold:   364        SH:  0    Dex: 20    Spells: 6/6 levels left

rFire   . . .      SeeInvis .    a - +0 shortbow
rCold   . . .      Faith    .    (shield currently unavailable)
rNeg    . . .      Spirit   .    c - +0 leather armour
rPois   .          Reflect  .    g - +1 hat
rElec   .          Harm     .    (no cloak)
rCorr   +          Rampage  .    (no gloves)
Will    .....                    (boots unavailable)
Stlth   ++........               (no amulet)
HPRegen 0.27/turn                q - ring of resist corrosion
MPRegen 0.11/turn                (no ring)

@: flying quickly and evasively, quick
A: beak, talons 3, nimble flight
a: Renounce Religion, Heroism


You were on level 5 of the Dungeon.
You worshipped Okawaru.
Okawaru was aware of your devotion.
You visited 2 branches of the dungeon, and saw 6 of its levels.

You collected 364 gold pieces.

Inventory:

Hand Weapons
 a - a +0 shortbow (weapon)
 b - a +2 dagger of venom
Missiles
 e - 4 atropa-tipped darts
 o - 5 boomerangs of dispersal
 t - 4 poisoned darts
Armour
 c - a +0 leather armour (worn)
 g - a +1 hat (worn)
 A - a scarf of shadows
Jewellery
 l - a ring of wizardry
 q - a ring of resist corrosion (left hand)
Wands
 y - a wand of quicksilver (8)
Scrolls
 f - a scroll of butterflies
 i - a scroll of fear
 p - a scroll of amnesia
 r - a scroll of magic mapping {unknown}
 s - a scroll of summoning {unknown}
 v - 3 scrolls of teleportation
 w - a scroll of immolation
 B - a scroll of enchant weapon {unknown}
Potions
 h - a potion of resistance
 j - a potion of lignification
 k - 3 potions of attraction
 m - 2 potions of might
 n - a potion of curing
 u - 4 potions of heal wounds
 x - 3 potions of haste
 z - a potion of brilliance {unknown}


   Skills:
 + Level 4.6 Fighting
 * Level 8.1 Ranged Weapons
 - Level 2.1 Dodging
 - Level 1.0 Stealth


You had 6 spell levels left.
You didn't know any spells.
Your spell library contained the following spells:

 Spells                   Type           Power      Damage    Failure   Level
 Apportation              Tloc           0%         N/A       47%         1
 Kiss of Death            Conj/Necr      0%         2d5       47%         1
 Necrotise                Necr           0%         1d4       47%         1
 Confusing Touch          Hex            0%         N/A       85%         3
 Vampiric Draining        Necr           0%         2d6       85%         3
 Dispel Undead            Necr           0%         3d6       99%         4
 Agony                    Necr           0%         N/A       100%        5
 Summon Small Mammal      Summ           Unusable   N/A       N/A         1

Dungeon Overview and Level Annotations

Branches:
Dungeon (5/15)             Temple (1/1) D:4

Altars:
Ashenzari
Dithmenos
Elyvilon
Fedhas
Makhleb
Okawaru
Qazlal
Ru
Trog
Uskayaw
Vehumet
Xom
Lugonu


Innate Abilities, Weirdness & Mutations

You have a beak for a mouth.
You have claws for feet.
Your magical nature lets you fly swiftly and evasively.


Message History

You shoot an arrow. The arrow barely misses the ice beast.
The ice beast hits you but does no damage.
You shoot an arrow. The arrow closely misses the ice beast.
The ice beast hits you. The ice beast freezes you!
You shoot an arrow. The arrow hits the ice beast.
The ice beast is heavily wounded.
The ice beast barely misses you.
You shoot an arrow.
The arrow hits the ice beast but does no damage.
The ice beast is heavily wounded.
The ice beast hits you. The ice beast freezes you!
You are too injured to fight recklessly!
You are too injured to fight recklessly!
Fire: a) +0 shortbow
Press: ? - help, Q - select action, (/) - cycle Shift-Dir - straight line, f/p - ice beast
Aim: an ice beast (heavily wounded, 68% to hit)
You shoot an arrow. The arrow barely misses the ice beast.
The ice beast hits you but does no damage.
Unknown command.
Fire: a) +0 shortbow
Press: ? - help, Q - select action, (/) - cycle Shift-Dir - straight line, f/p - ice beast
Aim: an ice beast (heavily wounded, 68% to hit)
You shoot an arrow. The arrow barely misses the ice beast.
The ice beast hits you but does no damage.
The ice beast closely misses you.
Fire: a) +0 shortbow
Press: ? - help, Q - select action, (/) - cycle Shift-Dir - straight line, f/p - ice beast
Aim: an ice beast (heavily wounded, 68% to hit)
You shoot an arrow. The arrow barely misses the ice beast.
The ice beast hits you. The ice beast freezes you!
* * * LOW HITPOINT WARNING * * *
Fire: a) +0 shortbow
Press: ? - help, Q - select action, (/) - cycle Shift-Dir - straight line, f/p - ice beast
Aim: an ice beast (heavily wounded, 68% to hit)
You shoot an arrow. The arrow hits the ice beast.
The ice beast is severely wounded.
The ice beast hits you.
* * * LOW HITPOINT WARNING * * *
The ice beast freezes you!
You die...

### ###### #... #....###
#....######## #.......
#.>...[@....#####.......
#.....Y.........†.......
...........######.......
#......#...#............
#......#................
#......#...........####.
#../...#...........# #.
........##.......### #.
.......#.......... #.


You could see an ice beast.

Vanquished Creatures
  An ice beast (D:5)
  A centaur (D:5)
  A jelly (D:5)
  A hound (D:5)
  An orc priest (D:4)
  2 iguanas
  An orc wizard (D:4)
  7 adders
  4 worms
  2 dart slugs
  3 orcs
  5 endoplasms
  4 giant cockroaches
  15 goblins
  16 hobgoblins
  2 jackals (D:4)
  5 quokkas
  7 ball pythons
  3 bats
  3 frilled lizards
  4 kobolds
  4 rats
92 creatures vanquished.

Vanquished Creatures (others)
  An iguana (D:5)
  21 fungi (D:4)
  3 plants (D:4)
25 creatures vanquished.

Grand Total: 117 creatures vanquished

Notes
Turn   | Place    | Note
-------+----------+-------------------------------------------
     0 | D:1      | porpoise the Tengu Hunter began the quest for the Orb.
     0 | D:1      | Reached XP level 1. HP: 12/12 MP: 2/2
   112 | D:1      | Reached XP level 2. HP: 17/17 MP: 3/3
   293 | D:1      | Reached skill level 5 in Ranged Weapons
   419 | D:1      | Reached XP level 3. HP: 22/22 MP: 4/4
   936 | D:2      | You fall into a shaft and drop 1 floor!
   951 | D:3      | Reached XP level 4. HP: 27/27 MP: 5/5
  1552 | D:3      | Reached skill level 6 in Ranged Weapons
  1620 | D:3      | Gained mutation: Your magical nature lets you fly swiftly
                  | and evasively. [Tengu growth]
  1620 | D:3      | Reached XP level 5. HP: 32/32 MP: 6/6
  1785 | D:3      | Found a burning altar of Makhleb.
  2270 | D:4      | Found a staircase to the Ecumenical Temple.
  2931 | D:4      | Found a hide-covered altar of Uskayaw.
  2932 | D:4      | Found a stormy altar of Qazlal.
  3232 | Temple   | Entered the Ecumenical Temple
  3263 | Temple   | Became a worshipper of Warmaster Okawaru
  3331 | D:4      | Found a blossoming altar of Fedhas.
  3411 | D:4      | Reached XP level 6. HP: 25/38 MP: 7/7
  3532 | D:4      | Found a broken altar of Ashenzari.
  3783 | D:5      | Entered Level 5 of the Dungeon
  3797 | D:5      | Reached skill level 7 in Ranged Weapons
  3832 | D:5      | Noticed an ice beast
  3885 | D:5      | Killed an ice beast
  4128 | D:5      | Reached * piety under Okawaru
  4129 | D:5      | Reached XP level 7. HP: 22/44 MP: 8/8
  4131 | D:5      | Reached skill level 8 in Ranged Weapons
  4365 | D:5      | Slain by an ice beast

Illustrated notes

Levels and vault maps discovered:
D:1:      saegor_arrival_miasma, layout_loops_ring, st_stairs_7,
          nrook_loot_triangle
D:2:      layout_loops_ring, roderic_lattice_a
D:3:      cheibrodos_greedy_goblins, layout_basic, amcnicky_altar_gilded
D:4:      layout_loops_ring, fedhas_altar_3, mainiacjoe_overflow_24_doors,
          nicolae_overflow_two_pavilions, minmay_temple_entry_mini_moons,
          serial_aquarium, aquarium_bridge_square [aquarium_subvault_wall,
          aquarium_subvault_bridge, aquarium_subvault_wall,
          aquarium_subvault_balcony], aquarium_window_corridor_3,
          aquarium_window_1, aquarium_window_1, aquarium_window_2,
          aquarium_view_2b, aquarium_view_2c, aquarium_balcony_3b
D:5:      layout_basic, kennysheep_orc_sif_temple,
          mainiacjoe_overflow_large_starburst
Temple:   corrupted_temple

Skill      XL: |  1  2  3  4  5  6  7 |
---------------+----------------------+-----
Ranged Weapons | 5 6 7 8 |  8.1
Fighting       | 3 4 |  4.6
Dodging        | |  2.1
Stealth        | |  1.0

Action                   |  1- 3 |  4- 6 |  7- 9 || total
-------------------------+-------+-------+-------++-------
Melee: Dagger            |       |     5 |     2 ||     7
       Peck              |       |     3 |     1 ||     4
       Kick              |       |       |     2 ||     2
 Fire: Shortbow          |    90 |   155 |    21 ||   266
  Use: Scroll            |       |    12 |     1 ||    13
       Potion            |       |     2 |       ||     2
 Stab: Invisible         |       |       |     1 ||     1
Armor: Leather armour    |     5 |     9 |     3 ||    17
Dodge: Dodged            |    19 |    67 |     6 ||    92

Table legend: (Time is in decaauts)
 A = Elapsed time spent in this place.
 B = Non-inter-level travel time spent in this place.
 C = Inter-level travel time spent in this place.
 D = Time resting spent in this place.
 E = Time spent auto-exploring this place.
 F = Levels seen in this place.
 G = Mean time per level.
                   A        B        C        D        E       F      G
               +--------+--------+--------+--------+--------+-----+--------+
         Total |   4252 |   4049 |    203 |   1042 |   2368 |   6 |  708.7 |
       Dungeon |   4211 |   4021 |    190 |   1042 |   2351 |   5 |  842.2 |
        Temple |     41 |     29 |     12 |      0 |     17 |   1 |   41.0 |
               +--------+--------+--------+--------+--------+-----+--------+

Top non-repeatable levels by time:
     D:3: 1110 daAuts
     D:4: 1083 daAuts
     D:2: 784 daAuts
     D:1: 670 daAuts
     D:5: 562 daAuts
  Temple: 41 daAuts
